 Dungeon Crawl Stone Soup version 0.30-a0-870-gc5d4c5acee (webtiles) character file.

Game seed: 8566850802365862381

56 112233 the Stinger (level 3, -2/21 HPs)
             Began as an Octopode Venom Mage on Mar 11, 2023.
             Slain by a black bear (4 damage)
             ... on level 3 of the Dungeon.
             The game lasted 00:02:34 (2389 turns).

112233 the Stinger (Octopode Venom Mage)            Turns: 2389, Time: 00:02:34

Health: -2/21      AC:  1    Str:  7    XL:     3   Next: 97%
Magic:  5/7        EV: 13    Int: 19    God:
Gold:   78         SH:  0    Dex: 12    Spells: 5/8 levels left

rFire   . . .      SeeInvis .    b - +1 hand axe (flame)
rCold   . . .      Faith    .    (no shield)
rNeg    . . .      Spirit   .    (helmet restricted)
rPois   .          Reflect  .    (no amulet)
rElec   .          Rampage  .    (no ring)
rCorr   .                        (no ring)
Will    .....                    (no ring)
Stlth   +++                      (no ring)
HPRegen 0.23/turn                (no ring)
MPRegen 0.10/turn                (no ring)
                                 (no ring)
                                 (no ring)

@: brilliant
A: almost no armour, amphibious, 8 rings, camouflage 1, gelatinous body 1,
(nimble swimmer 1), tentacles
a: no special abilities


You were on level 3 of the Dungeon.
You visited 1 branch of the dungeon, and saw 3 of its levels.

You collected 78 gold pieces.

Inventory:

Hand Weapons
 b - a +1 hand axe of flaming (weapon)
Jewellery
 c - a ring of fire
 m - a ring of willpower
Scrolls
 d - a scroll of immolation {unknown}
 e - a scroll of identify
 g - a scroll of butterflies
 h - a scroll of brand weapon {unknown}
 i - a scroll of fog {unknown}
 k - a scroll of blinking {unknown}
 l - a scroll of magic mapping {unknown}
Potions
 j - a potion of degeneration {unknown}


   Skills:
 - Level 2.0 Dodging
 - Level 2.6 Stealth
 + Level 3.0 Spellcasting
 - Level 1.0 Transmutations
 + Level 4.8 Poison Magic


You had 5 spell levels left.
You knew the following spells:

 Your Spells              Type           Power      Damage    Failure   Level
a - Sting                 Tmut/Pois      80%        1d7       4%          1
b - Poisonous Vapours     Pois/Air       36%        N/A       9%          2

Your spell library contained the following spells:

 Spells                   Type           Power      Damage    Failure   Level
 Cigotuvi's Dreadful Rot  Necr/Pois/Air  26%        N/A       12%         2
 Magic Dart               Conj           16%        1d3       16%         1
 Call Imp                 Summ           4%         N/A       22%         2
 Olgreb's Toxic Radiance  Pois           31%        N/A       22%         4
 Mephitic Cloud           Conj/Pois/Air  13%        N/A       24%         3
 Inner Flame              Hex/Fire       4%         N/A       41%         3
 Petrify                  Tmut/Erth      7%         N/A       77%         4
 Cause Fear               Hex            2%         N/A       83%         4
 Dispel Undead            Necr           4%         3d7       83%         4
 Metabolic Englaciation   Hex/Ice        2%         N/A       99%         5
 Death Channel            Necr           2%         N/A       100%        6
 Statue Form              Tmut/Erth      4%         N/A       100%        6
 Discord                  Hex            2%         N/A       100%        8


Dungeon Overview and Level Annotations

Branches:
Dungeon (3/15)

Altars:

Shops:
D:2 =


Innate Abilities, Weirdness & Mutations

You cannot wear most types of armour.
You are amphibious.
You can wear up to eight rings at the same time.
Your skin changes colour to match your surroundings (Stealth+).
Your rubbery body absorbs attacks. (AC +1, EV +1)
((You are camouflaged when in or above water. (Stealth+)))
You have tentacles for arms and can constrict up to eight enemies at once.


Message History

A rat comes into view.
Casting: Sting (safe; 4% risk of failure)
Confirm with . or Enter, or press ? or * to list all spells.
You don't have enough magic to cast this spell.
Unknown command.
Magic courses through your body.
Unknown command.
Casting: Sting (safe; 4% risk of failure)
Confirm with . or Enter, or press ? or * to list all spells.
Aiming: Sting (safe; 4% risk of failure)
Press: ? - help, Shift-Dir - straight line, f/p - black bear
Aim: a black bear (lightly wounded, very poisoned, 79% to hit)
The sting hits the black bear.
The black bear looks as sick as possible!
The black bear is lightly wounded.
The black bear bites you. The black bear claws you.
The black bear barely misses you.
Casting: Sting (safe; 4% risk of failure)
Confirm with . or Enter, or press ? or * to list all spells.
Aiming: Sting (safe; 4% risk of failure)
Press: ? - help, Shift-Dir - straight line, f/p - black bear
Aim: a black bear (moderately wounded, extremely poisoned, 79% to hit)
The sting hits the black bear but does no damage.
The black bear looks as sick as possible!
The black bear is moderately wounded.
The black bear bites you. The black bear completely misses you.
The black bear barely misses you.
It was a potion of brilliance.
You feel clever all of a sudden. The black bear bites you.
The black bear claws you.
* * * LOW HITPOINT WARNING * * *
The black bear barely misses you.
Unknown command.
As you read the scroll labelled FANNUU TETIU, it crumbles to dust.
It is a scroll of identify.
g - a scroll of butterflies The black bear bites you.
* * * LOW HITPOINT WARNING * * *
The black bear barely misses you. The black bear claws you.
You die...

.# #...#..............#
#.# .#
###................###.#
##
###########..........#
#..........###
###..........#
#............#
##.##...........#
#...............#
#####.h@.......#
.....r=.........#
#####...........#
#...........#
#...........+
............#
.##.......... ..
...........


You could see a black bear (extremely poisoned) and a rat.

Vanquished Creatures
  3 adders
  10 bats
  2 endoplasms
  A giant cockroach (D:2)
  A goblin (D:1)
  2 hobgoblins
  3 ball pythons (D:1)
  5 frilled lizards
  3 kobolds (D:1)
  4 rats
34 creatures vanquished.

Notes
Turn   | Place    | Note
-------+----------+-------------------------------------------
     0 | D:1      | 112233 the Octopode Venom Mage began the quest for the Orb.
     0 | D:1      | Reached XP level 1. HP: 11/11 MP: 3/3
   303 | D:1      | Reached XP level 2. HP: 17/17 MP: 3/5
   382 | D:1      | Reached skill level 4 in Poison Magic
   385 | D:1      | Learned a level 2 spell: Poisonous Vapours
  1606 | D:2      | Reached XP level 3. HP: 20/21 MP: 2/6
  1700 | D:2      | Found Ziqaer's Jewellery Shop.
  2379 | D:3      | Noticed a black bear
  2389 | D:3      | Slain by a black bear

Illustrated notes

Levels and vault maps discovered:
D:1:      grunt_arrival_lava_bath, layout_loops_ring, dk_noncrumbling_3
D:2:      layout_rooms, serial_shops, shop,
          nicolae_concentric_dashed_squares_mild, st_stairs_4, minivault_26
D:3:      layout_basic, hex_large, serial_bayou_pond_c

Skill      XL: |  1  2  3 |
---------------+----------+-----
Poison Magic   | 4 |  4.8
Spellcasting   | 3 |  3.0
Dodging        | |  2.0
Stealth        | |  2.6
Transmutations | |  1.0

Action                     || total
---------------------------++-------
  Melee: Unarmed           ||     6
         Constrict         ||     3
         Tentacles         ||     3
   Cast: Sting             ||    50
         Poisonous Vapours ||    26
    Use: Potion            ||     4
         Scroll            ||     1
 Armour: Skin              ||     6
  Dodge: Dodged            ||    33

Table legend: (Time is in decaauts)
 A = Elapsed time spent in this place.
 B = Non-inter-level travel time spent in this place.
 C = Inter-level travel time spent in this place.
 D = Time resting spent in this place.
 E = Time spent auto-exploring this place.
 F = Levels seen in this place.
 G = Mean time per level.
                   A        B        C        D        E       F      G
               +--------+--------+--------+--------+--------+-----+--------+
         Total |   2388 |   2346 |     42 |    119 |   1999 |   3 |  796.0 |
       Dungeon |   2388 |   2346 |     42 |    119 |   1999 |   3 |  796.0 |
               +--------+--------+--------+--------+--------+-----+--------+

Top non-repeatable levels by time:
     D:1: 1219 daAuts
     D:2: 1005 daAuts
     D:3: 163 daAuts
